 Dungeon Crawl Stone Soup version 0.23.2-1-ga50397a6bc (webtiles) character file.

Game seed: 12142643736425377943

60407 Foic the Brawler (level 14, -7/126 HPs)
             Began as a Troll Gladiator on May 14, 2019.
             Shot with an arrow by a deep elf archer (14 damage)
             ... on level 1 of the Elven Halls.
             The game lasted 01:17:44 (17371 turns).

Foic the Brawler (Troll Gladiator)                 Turns: 17371, Time: 01:17:44

Health: -7/126     AC: 10    Str: 27    XL:     14   Next: 56%
Magic:  13/13      EV: 17    Int:  6    God:
Gold:   1167       SH:  0    Dex: 15    Spells: 13/13 levels left

rFire    . . .     SeeInvis .     - Unarmed
rCold    . . .     Gourm    +   (no shield)
rNeg     . . .     Faith    .   R - +0 steam dragon scales
rPois    .         Spirit   .   b - +0 hat
rElec    .         Reflect  .   x - +0 cloak (curse)
rCorr    +         Harm     .   (gloves unavailable)
MR       +....                  (boots unavailable)
Stlth    +.........             D - amulet of regeneration
HPRegen  1.11/turn              o - +2 ring of strength
MPRegen  0.13/turn              r - ring of resist corrosion

@: confused, slowed, very slow
A: large, unfitting armour, claws 3, clever 1, fast metabolism 3, frail 1,
gourmand, mutation resistance 1, regeneration 1, shaggy fur 1, tough skin 3
a: no special abilities


You were on level 1 of the Elven Halls.
You were completely stuffed.

You visited 5 branches of the dungeon, and saw 18 of its levels.
You also visited: Ice Cave.

You collected 1167 gold pieces.

Inventory:

Missiles
 y - 309 stones
 C - 5 tomahawks of returning (quivered)
 N - 24 tomahawks
 O - 9 exploding tomahawks
Armour
 b - a +0 hat (worn)
 m - a +2 robe
 x - a cursed +0 cloak (worn)
 P - the cursed +0 leather armour of Lugonu's Whim {Regen+ Str+7, unknown}
   (You found it on level 10 of the Dungeon)

   It affects your strength (+7).
   It increases your rate of regeneration.
   It has a curse placed upon it.
 R - +0 steam dragon scales (worn)
Jewellery
 l - an uncursed amulet of magic regeneration
 o - a +2 ring of strength (left claw)
 r - a ring of resist corrosion (right claw)
 v - an uncursed ring of protection from fire
 D - an amulet of regeneration (around neck)
 J - an uncursed ring of resist corrosion
 U - an uncursed ring of ice
Wands
 c - a wand of digging (10)
 f - a wand of polymorph (11)
 q - a wand of acid (18)
 E - a wand of flame (19)
 K - a wand of disintegration (23)
 Q - a wand of iceblast (19)
 V - a wand of paralysis (8)
Scrolls
 g - 8 scrolls of remove curse
 h - 3 scrolls of identify
 i - 5 scrolls of fear {unknown}
 j - 2 scrolls of amnesia {unknown}
 p - 2 scrolls of teleportation {unknown}
 t - a scroll of magic mapping {unknown}
 u - 3 scrolls of blinking {unknown}
 w - 2 scrolls of noise {unknown}
 F - 2 scrolls of enchant armour {unknown}
 G - 2 scrolls of enchant weapon {unknown}
 M - a scroll of summoning {unknown}
Potions
 a - 3 potions of flight
 e - a potion of lignification
 k - 3 potions of brilliance
 n - 3 potions of might
 s - 3 potions of agility
 B - 4 potions of berserk rage
 I - 3 potions of mutation
 L - a potion of cancellation
 W - a potion of ambrosia
Miscellaneous
 z - 2 boxes of beasts
 H - a lamp of fire
 S - 2 phantom mirrors
Comestibles
 d - 26 rations
 A - 7 chunks of flesh


   Skills:
 * Level 9.6 Fighting
 + Level 6.5 Throwing
 * Level 11.3 Dodging
 + Level 16.4 Unarmed Combat


You had 13 spell levels left.
You didn't know any spells.
Your spell library contained the following spells:

 Spells                   Type           Power        Failure   Level  Hunger
 Magic Dart               Conj           #...         45%         1    ##.....
 Searing Ray              Conj           #.....       58%         2    ###....
 Dazzling Spray           Conj/Hex       #.....       83%         3    ####...
 Force Lance              Conj/Tloc      #.......     99%         4    #####..
 Fulminant Prism          Conj/Hex       #.........   99%         4    #####..
 Iskenderun's Mystic Bla  Conj           #.......     99%         4    #####..


Dungeon Overview and Level Annotations

Branches:
Dungeon (12/15)            Temple (1/1) D:5            Lair (2/6) D:11
 Spider (0/4) Lair:2          Orc (2/2) D:9             Elf (1/3) Orc:2
  Swamp: Lair:2-4    Shoals: Lair:2-4

Altars:
Ashenzari
Cheibriados
Dithmenos
Elyvilon
Fedhas
Gozag
Hepliaklqana
Kikubaaqudgha
Makhleb
Nemelex Xobeh
Okawaru
Qazlal
Ru
Sif Muna
Trog
Uskayaw
Vehumet
Wu Jian
Xom
Yredelemnul
Zin
The Shining One
Beogh

Shops:
Orc:2 [(%?!

Annotations:
D:7 4 runed translucent doors
D:11 3 runed translucent doors, Cykl0x's ghost, journeyman MiFi


Innate Abilities, Weirdness & Mutations

You are too large for most types of armour.
You have claws for hands.
Your metabolism is lightning-fast.
You like to eat raw meat.
Your natural rate of healing is unusually fast.
You are covered in fur. (AC +1)
You have extremely tough skin. (AC +3)
Your mind is acute. (Int +2)
You are frail. (-10% HP)
You are somewhat resistant to further mutation.


Message History

The fire elemental barely misses you.
You claw the fire elemental!
You destroy the fire elemental!
The deep elf archer shoots an arrow.
The arrow hits you!
You see here 2 arrows.
The deep elf archer shoots an arrow.
The arrow hits you!!
* * * LOW HITPOINT WARNING * * *
You see here an arrow.
The deep elf archer points at you and mumbles some strange words.
You feel yourself slow down.
The deep elf archer shoots an arrow.
The arrow hits you!!
* * * LOW HITPOINT WARNING * * *
You see here an arrow.
The deep elf archer shoots an arrow.
The arrow hits you!
* * * LOW HITPOINT WARNING * * *
The deep elf archer casts a spell at you.
You are confused.
You see here 2 arrows.
The deep elf archer shoots an arrow.
The arrow hits you!
You die...

..########...<.##
##.....## ..#
##.....# +....##
.## ##'##.##
#+#### #'##
#.##.)## ##.##
####.).# ###.#
##...## # ###
#.#.#.# # #..#..#
# #.#@#.# #
##..(## # #...#
#..e## #.#.#.#
#..#..### ###
...#.#(.(###...#
..#.#...#.#e..#
...#.....#.....#


You could see a deep elf archer.

Vanquished Creatures
  An orc warlord (Orc:2)
  A deep elf death mage (Elf:1)
  A hydra (Lair:1)
  3 two-headed ogres
  3 dancing weapons (Elf:1)
  An unseen horror (D:11)
  2 deep elf archers
  2 orc sorcerers
  9 orc knights
  An ugly thing (D:11)
  2 cyclopes
  7 deep elf magi
  Joseph (D:7)
  2 black mambas
  Maurice (Orc:2)
  A gargoyle (D:10)
  2 spiny frogs (Lair:2)
  6 komodo dragons (Lair:1)
  A rime drake (Lair:1)
  3 trolls
  A meliai (shapeshifter) (Elf:1)
  5 hippogriffs
  Grinder (D:5)
  2 wraiths
  A spriggan (D:8)
  A shadow (D:11)
  A wyvern (D:11)
  A water elemental (Elf:1)
  35 yaks
  A fire elemental (Elf:1)
  2 basilisks
  A steam dragon (D:11)
  Edmund (D:6)
  A hungry ghost (D:11)
  3 wargs
  Duvessa (D:5)
  6 porcupines
  6 water moccasins
  40 orc warriors
  2 ice beasts
  2 sky beasts
  3 black bears
  An eye of draining (D:12)
  5 ogres
  4 phantoms
  13 wolves
  3 centaurs
  5 crocodiles
  2 big kobolds
  12 bullfrogs
  An earth elemental (Elf:1)
  Dowan (D:5)
  3 wyvern skeletons
  2 scorpions
  9 killer bees (D:10)
  8 howler monkeys
  10 wights
  5 crimson imps
  A quasit (D:9)
  2 bullfrog zombies
  4 jellies (D:11)
  11 orc priests
  5 centaur skeletons
  6 hounds
  A bullfrog skeleton (D:10)
  18 orc wizards
  2 iguanas
  12 worker ants
  A hound skeleton (D:8)
  2 hound zombies
  3 worker ant zombies
  3 gnolls (D:7)
  12 adders
  A shadow imp (D:6)
  12 white imps (Lair:1)
  An ooze (D:4)
  2 adder zombies (D:7)
  A worm (D:2)
  2 dart slugs
  5 leopard geckos
  77 orcs
  4 giant cockroaches
  8 goblins
  3 hobgoblins (D:1)
  20 jackals
  5 quokkas
  7 bats
  6 frilled lizards
  A jackal skeleton (D:8)
  A jackal zombie (D:6)
  23 kobolds
  A quokka skeleton (D:6)
  A quokka zombie (D:8)
  2 rats
517 creatures vanquished.

Vanquished Creatures (others)
  2 fungi (Lair:2)
  5 plants (D:11)
7 creatures vanquished.

Grand Total: 524 creatures vanquished

Notes
Turn   | Place    | Note
-------+----------+-------------------------------------------
     0 | D:1      | Foic the Troll Gladiator began the quest for the Orb.
     0 | D:1      | Reached XP level 1. HP: 19/19 MP: 0/0
   138 | D:1      | Reached XP level 2. HP: 28/28 MP: 1/1
   698 | D:1      | Reached XP level 3. HP: 35/35 MP: 2/2
  1543 | D:2      | Reached skill level 4 in Unarmed Combat
  1574 | D:2      | Reached XP level 4. HP: 42/42 MP: 3/3
  1652 | D:2      | Found a sacrificial altar of Ru.
  2249 | D:3      | Found a burning altar of Makhleb.
  2272 | D:4      | Noticed a phantom
  2315 | D:3      | Reached XP level 5. HP: 12/49 MP: 4/4
  2321 | D:3      | Killed a phantom
  2321 | D:3      | Reached skill level 5 in Unarmed Combat
  2516 | D:4      | Gained mutation: Your mind is acute. (Int +2) [potion of
                  | mutation]
  2516 | D:4      | Gained mutation: You are somewhat resistant to further
                  | mutation. [potion of mutation]
  2516 | D:4      | Gained mutation: You are frail. (-10% HP) [potion of
                  | mutation]
  2611 | D:4      | Reached XP level 6. HP: 50/52 MP: 5/5
  2689 | D:4      | Found a shattered altar of Ashenzari.
  3000 | D:4      | Found a deep blue altar of Sif Muna.
  3139 | D:4      | Found an iron altar of Okawaru.
  3353 | D:5      | Entered Level 5 of the Dungeon
  3361 | D:5      | Found a staircase to the Ecumenical Temple.
  3369 | Temple   | Entered the Ecumenical Temple
  3798 | D:5      | Noticed Grinder
  3816 | D:5      | Killed Grinder
  3816 | D:5      | Reached XP level 7. HP: 59/59 MP: 6/6
  3827 | D:5      | Found a glowing golden altar of the Shining One.
  3872 | D:5      | Noticed Duvessa
  3874 | D:5      | Noticed Dowan
  3901 | D:5      | Killed Duvessa
  3901 | D:5      | Reached skill level 6 in Unarmed Combat
  3902 | D:5      | Killed Dowan
  4026 | D:5      | You fall through a shaft!
  4119 | D:6      | Found a shadowy altar of Dithmenos.
  4191 | D:6      | Reached XP level 8. HP: 66/67 MP: 7/7
  4291 | D:6      | Reached skill level 7 in Unarmed Combat
  4312 | D:6      | Reached skill level 5 in Dodging
  4356 | D:6      | Noticed Edmund
  4363 | D:6      | Killed Edmund
  4444 | D:6      | Reached skill level 8 in Unarmed Combat
  4480 | D:7      | Found a stormy altar of Qazlal.
  4699 | D:6      | Found an opulent altar of Gozag.
  4737 | D:5      | Found a white marble altar of Elyvilon.
  4752 | D:5      | Reached XP level 9. HP: 75/75 MP: 8/8
  4775 | D:5      | Found a basalt altar of Yredelemnul.
  5353 | D:6      | Reached skill level 9 in Unarmed Combat
  5375 | D:6      | Found an ancient bone altar of Kikubaaqudgha.
  5644 | D:7      | Noticed Joseph
  5660 | D:7      | Killed Joseph
  5989 | D:7      | Reached skill level 5 in Fighting
  5994 | D:7      | Reached skill level 10 in Unarmed Combat
  6094 | D:7      | Found a huge runed translucent gate.
  6094 | D:7      | Found a huge runed translucent gate.
  6094 | D:7      | Found a huge runed translucent gate.
  6094 | D:7      | Found a huge runed translucent gate.
  6094 | D:7      | Noticed a polar bear
  6094 | D:7      | Noticed a polar bear
  6094 | D:7      | Noticed a polar bear
  6094 | D:7      | Noticed a polar bear
  6095 | D:7      | Noticed a polar bear
  6095 | D:7      | Noticed a polar bear
  6095 | D:7      | Noticed a polar bear
  6095 | D:7      | Noticed a manticore
  6095 | D:7      | Noticed a polar bear
  6113 | D:7      | Found a bloodstained altar of Trog.
  6172 | D:7      | Got a polished ring mail
  6656 | D:8      | Reached XP level 10. HP: 86/86 MP: 9/9
  7544 | D:9      | Reached skill level 11 in Unarmed Combat
  7620 | D:9      | Found a snail-covered altar of Cheibriados.
  7853 | D:9      | Found a staircase to the Orcish Mines.
  7874 | Orc:1    | Entered Level 1 of the Orcish Mines
  7881 | Orc:1    | Noticed a two-headed ogre
  7959 | D:9      | Killed a two-headed ogre
  8174 | Orc:2    | Entered Level 2 of the Orcish Mines
  8174 | Orc:2    | Noticed a cyclops
  8501 | D:10     | Entered Level 10 of the Dungeon
  8578 | D:10     | Reached skill level 12 in Unarmed Combat
  8598 | D:10     | Reached XP level 11. HP: 52/94 MP: 10/10
  9220 | D:10     | Got a sapphire-encrusted leather armour
  9406 | D:11     | Noticed a two-headed ogre
  9414 | D:11     | Killed an unseen horror
  9482 | D:11     | Killed a two-headed ogre
  9482 | D:11     | Reached skill level 13 in Unarmed Combat
  9491 | D:11     | Noticed a two-headed ogre
  9497 | D:11     | Killed a two-headed ogre
  9785 | D:11     | Found a staircase to the Lair.
  9947 | D:11     | Reached XP level 12. HP: 84/106 MP: 11/11
  9984 | D:11     | Found a runed translucent gate.
  9985 | D:11     | Found a runed translucent gate.
  9986 | D:11     | Found a runed translucent gate.
 10085 | D:11     | Reached skill level 14 in Unarmed Combat
 10270 | D:11     | Noticed Cykl0x's ghost (journeyman MiFi)
 10270 | D:11     | Noticed a 12-headed hydra
 10271 | D:11     | Noticed an 11-headed hydra
 10445 | Lair:1   | Entered Level 1 of the Lair of Beasts
 10791 | Lair:1   | Noticed an eight-headed hydra
 10915 | Lair:1   | Killed a nine-headed hydra
 11046 | Lair:1   | Found a frozen archway.
 11078 | IceCv    | Entered an ice cave
 11292 | Lair:1   | Reached skill level 5 in Throwing
 11791 | Lair:2   | Found a hole to the Spider Nest.
 11794 | Lair:2   | Noticed a four-headed hydra
 12304 | Lair:2   | Reached skill level 15 in Unarmed Combat
 12990 | Lair:1   | Reached skill level 10 in Dodging
 12990 | Lair:1   | Reached XP level 13. HP: 117/117 MP: 12/12
 14404 | Orc:2    | Paralysed by an orc sorcerer for 5 turns
 14472 | Orc:2    | Reached XP level 14. HP: 66/126 MP: 13/13
 14877 | Orc:2    | Found Gul Vuk's Magic Scroll Emporium.
 14877 | Orc:2    | Found Wueroext's Distillery.
 14921 | Orc:2    | Found a roughly hewn altar of Beogh.
 15256 | Orc:2    | Found a staircase to the Elven Halls.
 15284 | Orc:2    | Found Woep's Food Emporium.
 15392 | Orc:2    | Noticed Maurice
 15404 | Orc:2    | Killed Maurice
 15558 | Orc:2    | Noticed an orc warlord
 15836 | Orc:2    | Killed an orc warlord
 16045 | Orc:2    | Found Bar Pak's Armour Emporium.
 16045 | Orc:2    | Found Fiuckerr's Weapon Shop.
 16203 | Orc:1    | Reached skill level 16 in Unarmed Combat
 16642 | Elf:1    | Entered Level 1 of the Elven Halls
 17370 | Elf:1    | HP: 6/126 [deep elf archer/arrow (8)]
 17371 | Elf:1    | Shot with an arrow by a deep elf archer

Skill      XL: |  1  2  3  4  5  6  7  8  9 10 11 12 13 14 |
---------------+-------------------------------------------+-----
Throwing       | 2 3 4 6 |  6.5
Dodging        | 3 4 5 6 7 8 10 11 | 11.3
Unarmed Combat | 4 5 6 8 10 12 13 15 16 | 16.4
Fighting       | 2 3 4 5 6 7 8 9 |  9.6

Action                   |  1- 3 |  4- 6 |  7- 9 | 10-12 | 13-15 || total
-------------------------+-------+-------+-------+-------+-------++-------
Melee: Unarmed           |    97 |   139 |   284 |   657 |   453 ||  1630
       Punch             |     1 |     3 |    14 |    49 |    40 ||   107
Throw: Throwing net      |       |     2 |       |     3 |       ||     5
       Javelin           |       |     9 |     9 |    17 |       ||    35
       Stone             |       |    59 |       |       |       ||    59
       Tomahawk          |       |       |       |    23 |    24 ||    47
  Use: Scroll            |     1 |     1 |     4 |     1 |     2 ||     9
       Potion            |       |     5 |       |     2 |     6 ||    13
 Stab: Sleeping          |     3 |       |     1 |     1 |     1 ||     6
  Eat: Chunk             |    19 |    17 |    31 |    55 |    42 ||   164
       Ration            |       |       |       |     1 |       ||     1
Armor: Robe              |    33 |    53 |    84 |    72 |       ||   242
       Skin              |       |     4 |       |       |       ||     4
       Steam dragon scal |       |       |       |    98 |    89 ||   187
Dodge: Dodged            |    75 |    93 |   191 |   429 |   259 ||  1047
